TOP OF THE 1ST |
San Diego Padres batting - Pitching for Los Angeles Dodgers : RHP Rick Rhoden
|
Pitching: RHP Rick Rhoden
|
|
Batting: RHB Bob Dernier
|
0-0: Foul Ball, location: 2F 0-1: Ball 1-1: Ball 2-1: Swinging Strike 2-2: Strikes out swinging
|
Batting: LHB Tom Dunbar
|
0-0: Foul Ball, location: 2F 0-1: Swinging Strike 0-2: Ball 1-2: Ground out 5-3 (Groundball, 56S, EV 85.6 MPH)
|
Batting: RHB Dennis Dungy
|
0-0: Ball 1-0: Foul Ball, location: 2F 1-1: Ground out 6-3 (Groundball, 56, EV 85.0 MPH)
|
Top of the 1st over - 0 runs, 0 hits, 0 errors, 0 left on base; San Diego 0 - Los Angeles 0 |
BOTTOM OF THE 1ST |
Los Angeles Dodgers batting - Pitching for San Diego Padres : RHP Tony Archuleta
|
Pitching: RHP Tony Archuleta
|
|
Batting: RHB Billy Sample
|
0-0: Foul Ball, location: 2F 0-1: Swinging Strike 0-2: Ball 1-2: Strikes out swinging
|
Batting: RHB Carney Lansford
|
0-0: Ball 1-0: Swinging Strike 1-1: Ground out 5-3 (Groundball, 56S, EV 71.3 MPH)
|
Batting: RHB Jerry Keller
|
0-0: Ball 1-0: Ball 2-0: SINGLE (Line Drive, 89S, EV 103.1 MPH)
|
Batting: RHB Dick Davis
|
0-0: Ball 1-0: Ball 2-0: Called Strike 2-1: Foul Ball, location: 2F 2-2: Ball 3-2: Base on Balls Jerry Keller to second
|
Batting: SHB Chris W Smith
|
0-0: Swinging Strike 0-1: Ball 1-1: Called Strike 1-2: Ball 2-2: Fly out, F8 (Flyball, 8LXD, EV 91.3 MPH)
|
Bottom of the 1st over - 0 runs, 1 hit, 0 errors, 2 left on base; San Diego 0 - Los Angeles 0 |
TOP OF THE 2ND |
San Diego Padres batting - Pitching for Los Angeles Dodgers : RHP Rick Rhoden
|
Batting: LHB Jerry McDonald
|
0-0: Ball 1-0: Ball 2-0: Ground out 4-3 (Groundball, 4, EV 101.3 MPH)
|
Batting: RHB Joel Youngblood
|
0-0: Called Strike 0-1: Ground out 5-3 (Groundball, 5L, EV 97.5 MPH)
|
Batting: LHB Chris Chambliss
|
0-0: Called Strike 0-1: Foul Ball, location: 2F 0-2: Ball 1-2: Ground out 4-3 (Groundball, 34, EV 105.0 MPH)
|
Top of the 2nd over - 0 runs, 0 hits, 0 errors, 0 left on base; San Diego 0 - Los Angeles 0 |
BOTTOM OF THE 2ND |
Los Angeles Dodgers batting - Pitching for San Diego Padres : RHP Tony Archuleta
|
Batting: RHB Toby Harrah
|
0-0: Ball 1-0: Ball 2-0: Ball 3-0: Called Strike 3-1: Foul Ball, location: 2F 3-2: Base on Balls
|
Batting: SHB Spike Owen
|
0-0: Called Strike 0-1: Ball 1-1: Ball 2-1: Fielders Choice at 2nd, 6-4 (Groundball, 56, EV 86.9 MPH)
|
Batting: RHB Dennis Littlejohn
|
0-0: Called Strike Spike Owen steals 2nd base 0-1: Ball 1-1: Ball 2-1: Swinging Strike 2-2: Strikes out looking
|
Batting: RHB Rick Rhoden
|
0-0: Called Strike 0-1: SINGLE (Line Drive, 78S, EV 93.8 MPH) Spike Owen to third Runner from 3rd tries for Home, SAFE, throw by LF to home
|
Batting: RHB Billy Sample
|
0-0: Called Strike 0-1: Foul Ball, location: 2F 0-2: Ball 1-2: Foul Ball, location: 2F 1-2: Ball 2-2: Foul Ball, location: 2F 2-2: Foul Ball, location: 2F 2-2: Fly out, F7 (Flyball, 78D, EV 93.1 MPH)
|
Bottom of the 2nd over - 1 run, 1 hit, 0 errors, 1 left on base; San Diego 0 - Los Angeles 1 |
TOP OF THE 3RD |
San Diego Padres batting - Pitching for Los Angeles Dodgers : RHP Rick Rhoden
|
Batting: LHB Darrell Porter
|
0-0: Ball 1-0: Called Strike 1-1: Foul Ball, location: 2F 1-2: Ball 2-2: Strikes out looking
|
Batting: LHB Jeffrey Zitek
|
0-0: Swinging Strike 0-1: Ground out 4-3 (Groundball, 4D, EV 96.9 MPH)
|
Batting: LHB Tony Archuleta
|
0-0: Foul Ball, location: 2F 0-1: Ball 1-1: Called Strike 1-2: Strikes out swinging
|
Top of the 3rd over - 0 runs, 0 hits, 0 errors, 0 left on base; San Diego 0 - Los Angeles 1 |
BOTTOM OF THE 3RD |
Los Angeles Dodgers batting - Pitching for San Diego Padres : RHP Tony Archuleta
|
Batting: RHB Carney Lansford
|
0-0: Ball 1-0: Foul Ball, location: 2F 1-1: Ball 2-1: Foul Ball, location: 2F 2-2: Ball 3-2: Foul Ball, location: 2F 3-2: Foul Ball, location: 2F 3-2: SINGLE (Line Drive, 8RS, EV 95.0 MPH)
|
Batting: RHB Jerry Keller
|
0-0: Called Strike 0-1: Ball 1-1: Ball 2-1: Grounds into double play, 6-4-3 (Groundball, 6, EV 82.5 MPH)
|
Batting: RHB Dick Davis
|
0-0: Ball 1-0: Ball 2-0: Called Strike 2-1: Fly out, F8 (Flyball, 8RD, EV 104.4 MPH)
|
Bottom of the 3rd over - 0 runs, 1 hit, 0 errors, 0 left on base; San Diego 0 - Los Angeles 1 |
TOP OF THE 4TH |
San Diego Padres batting - Pitching for Los Angeles Dodgers : RHP Rick Rhoden
|
Batting: RHB Bob Dernier
|
0-0: Swinging Strike 0-1: Ball 1-1: Ball 2-1: Ground out 4-3 (Groundball, 4, EV 91.9 MPH)
|
Batting: LHB Tom Dunbar
|
0-0: Called Strike 0-1: Ball 1-1: Called Strike 1-2: Ball 2-2: DOUBLE (Line Drive, 9LM, EV 108.8 MPH)
|
Batting: RHB Dennis Dungy
|
0-0: Foul Ball, location: 2F 0-1: Ball 1-1: DOUBLE (Flyball, 8LD, EV 98.1 MPH) Tom Dunbar scores
|
Batting: LHB Jerry McDonald
|
0-0: Foul Ball, location: 2F 0-1: Ball 1-1: Foul Ball, location: 2F 1-2: Foul Ball, location: 2F 1-2: Strikes out looking
|
Batting: RHB Joel Youngblood
|
0-0: DOUBLE (Line Drive, 7LM, EV 104.4 MPH) Dennis Dungy scores
|
Batting: LHB Chris Chambliss
|
0-0: Called Strike 0-1: Foul Ball, location: 2F 0-2: Fly out, F7 (Flyball, 78S, EV 79.4 MPH)
|
Top of the 4th over - 2 runs, 3 hits, 0 errors, 1 left on base; San Diego 2 - Los Angeles 1 |
BOTTOM OF THE 4TH |
Los Angeles Dodgers batting - Pitching for San Diego Padres : RHP Tony Archuleta
|
Batting: SHB Chris W Smith
|
0-0: Ball 1-0: Ball 2-0: Ball 3-0: Base on Balls
|
Batting: RHB Toby Harrah
|
0-0: Ball 1-0: Foul Ball, location: 2F 1-1: Called Strike 1-2: Fly out, F9 (Flyball, 9LD, EV 85.6 MPH)
|
Batting: SHB Spike Owen
|
0-0: Fly out, F5 (Popup, 5SF, EV 66.3 MPH)
|
Batting: RHB Dennis Littlejohn
|
0-0: Foul Ball, location: 2F 0-1: Ball 1-1: Called Strike 1-2: Strikes out swinging
|
Bottom of the 4th over - 0 runs, 0 hits, 0 errors, 1 left on base; San Diego 2 - Los Angeles 1 |
TOP OF THE 5TH |
San Diego Padres batting - Pitching for Los Angeles Dodgers : RHP Rick Rhoden
|
Batting: LHB Darrell Porter
|
0-0: Foul Ball, location: 2F 0-1: Called Strike 0-2: Ball 1-2: Foul Ball, location: 2F 1-2: Strikes out swinging
|
Batting: LHB Jeffrey Zitek
|
0-0: Called Strike 0-1: Swinging Strike 0-2: Strikes out swinging
|
Batting: LHB Tony Archuleta
|
0-0: Called Strike 0-1: Foul Ball, location: 2F 0-2: Ball 1-2: Fly out, F9 (Flyball, 89M, EV 73.8 MPH)
|
Top of the 5th over - 0 runs, 0 hits, 0 errors, 0 left on base; San Diego 2 - Los Angeles 1 |
BOTTOM OF THE 5TH |
Los Angeles Dodgers batting - Pitching for San Diego Padres : RHP Tony Archuleta
|
Batting: RHB Rick Rhoden
|
0-0: Ball 1-0: Fly out, F9 (Flyball, 9, EV 90.6 MPH)
|
Batting: RHB Billy Sample
|
0-0: Fly out, F9 (Flyball, 9S, EV 94.4 MPH)
|
Batting: RHB Carney Lansford
|
0-0: Foul Ball, location: 2F 0-1: Foul Ball, location: 2F 0-2: Ground out 6-3 (Groundball, 6, EV 87.5 MPH)
|
Bottom of the 5th over - 0 runs, 0 hits, 0 errors, 0 left on base; San Diego 2 - Los Angeles 1 |
TOP OF THE 6TH |
San Diego Padres batting - Pitching for Los Angeles Dodgers : RHP Rick Rhoden
|
Batting: RHB Bob Dernier
|
0-0: Ball 1-0: Foul Ball, location: 2F 1-1: Foul Ball, location: 2F 1-2: Foul Ball, location: 2F 1-2: SINGLE (Groundball, 13, EV 87.5 MPH) (infield hit)
|
Batting: LHB Tom Dunbar
|
0-0: Ball 1-0: Swinging Strike 1-1: Called Strike Bob Dernier steals 2nd base 1-2: Ball 2-2: Strikes out looking
|
Batting: RHB Dennis Dungy
|
0-0: Called Strike 0-1: Ball Bob Dernier is caught stealing 3rd base 2-5 1-1: Swinging Strike 1-2: Strikes out swinging
|
Top of the 6th over - 0 runs, 1 hit, 0 errors, 0 left on base; San Diego 2 - Los Angeles 1 |
BOTTOM OF THE 6TH |
Los Angeles Dodgers batting - Pitching for San Diego Padres : RHP Tony Archuleta
|
Batting: RHB Jerry Keller
|
0-0: Ball 1-0: Fly out, F8 (Flyball, 78D, EV 105.6 MPH)
|
Batting: RHB Dick Davis
|
0-0: SINGLE (Groundball, 34D, EV 108.8 MPH)
|
Batting: SHB Chris W Smith
|
0-0: Called Strike 0-1: Called Strike 0-2: Foul Ball, location: 2F 0-2: 2-RUN HOME RUN (Flyball, 78XD, EV 108.1 MPH), Distance : 422 ft
|
Batting: RHB Toby Harrah
|
0-0: Foul Ball, location: 2F 0-1: Ground out 4-3 (Groundball, 4, EV 80.6 MPH)
|
Batting: SHB Spike Owen
|
0-0: Called Strike 0-1: Called Strike 0-2: Ball 1-2: Ground out 4-3 (Groundball, 4S, EV 64.4 MPH)
|
Bottom of the 6th over - 2 runs, 2 hits, 0 errors, 0 left on base; San Diego 2 - Los Angeles 3 |
TOP OF THE 7TH |
San Diego Padres batting - Pitching for Los Angeles Dodgers : RHP Rick Rhoden
|
Batting: LHB Jerry McDonald
|
0-0: Ball 1-0: Called Strike 1-1: Foul Ball, location: 2F 1-2: Foul Ball, location: 2F 1-2: Strikes out looking
|
Batting: RHB Joel Youngblood
|
0-0: SINGLE (Groundball, 6M, EV 81.3 MPH) (infield hit)
|
Batting: LHB Chris Chambliss
|
0-0: Ball 1-0: Ground out 3-1 (Groundball, 34, EV 88.8 MPH) Joel Youngblood to second
|
Batting: LHB Darrell Porter
|
0-0: Swinging Strike 0-1: Swinging Strike 0-2: Foul Ball, location: 2F 0-2: Strikes out looking
|
Top of the 7th over - 0 runs, 1 hit, 0 errors, 1 left on base; San Diego 2 - Los Angeles 3 |
BOTTOM OF THE 7TH |
Los Angeles Dodgers batting - Pitching for San Diego Padres : RHP Tony Archuleta
|
Batting: RHB Dennis Littlejohn
|
0-0: Swinging Strike 0-1: Called Strike 0-2: Foul Ball, location: 2F 0-2: Strikes out looking
|
Pinch Hitting: RHB Mike Shelton
|
0-0: Called Strike 0-1: Foul Ball, location: 2F 0-2: Ball 1-2: Ball 2-2: Ground out 3-1 (Groundball, 34, EV 84.4 MPH)
|
Batting: RHB Billy Sample
|
0-0: Ball 1-0: Ground out 6-3 (Groundball, 6, EV 89.4 MPH)
|
Bottom of the 7th over - 0 runs, 0 hits, 0 errors, 0 left on base; San Diego 2 - Los Angeles 3 |
TOP OF THE 8TH |
San Diego Padres batting - Pitching for Los Angeles Dodgers : RHP Rick Rhoden
|
Pitching: RHP Steve Foucault
|
|
Batting: LHB Jeffrey Zitek
|
0-0: Called Strike 0-1: Ball 1-1: Foul Ball, location: 2F 1-2: Foul Ball, location: 2F 1-2: Strikes out swinging
|
Pinch Hitting: RHB Tommy Curran
|
0-0: Swinging Strike 0-1: Ball 1-1: Swinging Strike 1-2: Strikes out swinging
|
Batting: RHB Bob Dernier
|
0-0: Ball 1-0: Ball 2-0: Foul Ball, location: 2F 2-1: SINGLE (Line Drive, 8RS, EV 95.6 MPH)
|
Batting: LHB Tom Dunbar
|
0-0: Ball 1-0: Foul Ball, location: 2F 1-1: DOUBLE (Groundball, 3L, EV 101.9 MPH) Bob Dernier to third Runner from 3rd tries for Home, SAFE, throw by RF to home
|
Batting: RHB Dennis Dungy
|
0-0: Called Strike 0-1: Ball 1-1: Foul Ball, location: 2F 1-2: Foul Ball, location: 2F 1-2: Ball 2-2: SINGLE (Line Drive, 4MD, EV 105.0 MPH) Tom Dunbar to third Runner from 3rd tries for Home, SAFE, throw by CF to home
|
Batting: LHB Jerry McDonald
|
0-0: Ball Dennis Dungy is caught stealing 2nd base 2-6
|
Top of the 8th over - 2 runs, 3 hits, 0 errors, 0 left on base; San Diego 4 - Los Angeles 3 |
BOTTOM OF THE 8TH |
Los Angeles Dodgers batting - Pitching for San Diego Padres : RHP Tony Archuleta
|
Pitching: LHP Bill Travers
|
|
Now in RF: Kelvin Moore
|
|
Batting: RHB Carney Lansford
|
0-0: Fly out, F8 (Line Drive, 8RM, EV 86.3 MPH)
|
Batting: RHB Jerry Keller
|
0-0: Foul Ball, location: 2F 0-1: Fly out, F4 (Popup, 4MD, EV 63.8 MPH)
|
Batting: RHB Dick Davis
|
0-0: Ball 1-0: Called Strike 1-1: Ball 2-1: SOLO HOME RUN (Flyball, 7D, EV 105.0 MPH), Distance : 389 ft
|
Batting: SHB Chris W Smith
|
0-0: Ball 1-0: Foul Ball, location: 2F 1-1: Swinging Strike 1-2: Ground out 6-3 (Groundball, 6, EV 88.1 MPH)
|
Bottom of the 8th over - 1 run, 1 hit, 0 errors, 0 left on base; San Diego 4 - Los Angeles 4 |
TOP OF THE 9TH |
San Diego Padres batting - Pitching for Los Angeles Dodgers : RHP Steve Foucault
|
Batting: LHB Jerry McDonald
|
0-0: Foul Ball, location: 2F 0-1: Swinging Strike 0-2: Ball 1-2: Ball 2-2: Ground out U3 (Groundball, 3L, EV 81.9 MPH)
|
Batting: RHB Joel Youngblood
|
0-0: Foul Ball, location: 2F 0-1: Called Strike 0-2: Strikes out swinging
|
Batting: LHB Chris Chambliss
|
0-0: Called Strike 0-1: SINGLE (Line Drive, 56D, EV 108.8 MPH)
|
Batting: LHB Darrell Porter
|
0-0: Called Strike 0-1: Ball 1-1: Ground out 4-3 (Groundball, 4, EV 100.0 MPH)
|
Top of the 9th over - 0 runs, 1 hit, 0 errors, 1 left on base; San Diego 4 - Los Angeles 4 |
BOTTOM OF THE 9TH |
Los Angeles Dodgers batting - Pitching for San Diego Padres : LHP Bill Travers
|
Batting: RHB Toby Harrah
|
0-0: Called Strike 0-1: Called Strike 0-2: Ball 1-2: Ball 2-2: Ball 3-2: Foul Ball, location: 2F 3-2: Base on Balls
|
Batting: SHB Spike Owen
|
0-0: Ball 1-0: Ball 2-0: Bunted foul 2-1: Sac Bunt to 25 - play at first, batter OUT! 5-4 Toby Harrah to second
|
Pinch Hitting: RHB Thomas Franklin
|
0-0: Foul Ball, location: 2F 0-1: Swinging Strike 0-2: Ball 1-2: Ball 2-2: Ball 3-2: Strikes out swinging
|
Pinch Hitting: LHB Darren Daulton
|
0-0: Ball 1-0: Fly out, F4 (Flyball, 34D, EV 88.1 MPH)
|
Bottom of the 9th over - 0 runs, 0 hits, 0 errors, 1 left on base; San Diego 4 - Los Angeles 4 |
TOP OF THE 10TH |
San Diego Padres batting - Pitching for Los Angeles Dodgers : RHP Steve Foucault
|
Pitching: RHP Chuck Porter
|
|
Now at C: Darren Daulton
|
|
Batting: LHB Jeffrey Zitek
|
0-0: Ball 1-0: Ball 2-0: Ball 3-0: Called Strike 3-1: Called Strike 3-2: Foul Ball, location: 2F 3-2: Base on Balls
|
Batting: RHB Kelvin Moore
|
0-0: Ball 1-0: Called Strike 1-1: Ball 2-1: Foul Ball, location: 2F 2-2: Strikes out swinging
|
Batting: RHB Bob Dernier
|
0-0: Ball 1-0: Called Strike 1-1: Ball 2-1: Swinging Strike 2-2: Strikes out swinging
|
Batting: LHB Tom Dunbar
|
0-0: Ball 1-0: Swinging Strike 1-1: Foul Ball, location: 2F 1-2: SINGLE (Line Drive, 6D, EV 98.8 MPH) Jeffrey Zitek to second Jeffrey Zitek to third
|
Pinch Hitting: RHB Dave Edler
|
0-0: Ball 1-0: Called Strike 1-1: Ball 2-1: Foul Ball, location: 2F 2-2: Ball 3-2: Reached on error, E5 (Flyball, 5D, EV 91.9 MPH) Jeffrey Zitek scores Tom Dunbar to second
|
Batting: LHB Jerry McDonald
|
0-0: Foul Ball, location: 2F 0-1: Ground out 4-3 (Groundball, 34, EV 88.8 MPH)
|
Top of the 10th over - 1 run, 1 hit, 1 error, 2 left on base; San Diego 5 - Los Angeles 4 |
BOTTOM OF THE 10TH |
Los Angeles Dodgers batting - Pitching for San Diego Padres : LHP Bill Travers
|
Pitching: RHP David Sandoval
|
|
Batting: RHB Billy Sample
|
0-0: Foul Ball, location: 2F 0-1: Ball 1-1: Ball 2-1: Ground out 6-3 (Groundball, 6, EV 93.8 MPH)
|
Batting: RHB Carney Lansford
|
0-0: Fly out, F7 (Flyball, 78S, EV 82.5 MPH)
|
Batting: RHB Jerry Keller
|
0-0: Called Strike 0-1: Ball 1-1: Ball 2-1: Foul Ball, location: 2F 2-2: Fly out, F8 (Flyball, 8LS, EV 92.5 MPH)
|
Bottom of the 10th over - 0 runs, 0 hits, 0 errors, 0 left on base; San Diego 5 - Los Angeles 4 |
|